 Dungeon Crawl Stone Soup version 0.23-a0-183-gf37f6fb (webtiles) character file.

534 namelastname112 the Sneak (level 7, 50/58 HPs)
             Began as a Green Draconian Assassin on Sept 21, 2018.
             Was a Follower of Sif Muna.
             Quit the game on level 5 of the Dungeon.
             The game lasted 00:05:06 (3016 turns).

namelastname112 the Sneak (DrAs)                    Turns: 3016, Time: 00:05:07

Health: 50/58      AC:  8    Str: 13 (14) XL:     7   Next: 4%
Magic:  7/7        EV: 13    Int: 10 (11) God:    Sif Muna [*.....]
Gold:   107        SH:  0    Dex: 14      Spells: 6/6 levels left

rFire    . . .     SeeInvis .   a - +2 dagger
rCold    . . .     Gourm    .   (no shield)
rNeg     . . .     Faith    .   (armour unavailable)
rPois    +         Spirit   .   (helmet restricted)
rElec    .         Reflect  .   c - +0 cloak
rCorr    .         Harm     .   m - +0 pair of gloves
MR       .....                  (no boots)
Stlth    +++.......             h - amulet of regeneration
HPRegen  0.59/turn              (no ring)
MPRegen  0.10/turn              (no ring)

@: mildly poisoned (50 -> 50)
A: breathe noxious fumes, unfitting armour, poison resistance, cold-blooded, AC
+6
a: Breathe Noxious Fumes, Divine Energy, Renounce Religion


You were on level 5 of the Dungeon.
You worshipped Sif Muna.
Sif Muna was aware of your devotion.
You were not hungry.

You visited 1 branch of the dungeon, and saw 5 of its levels.

You collected 107 gold pieces.

Inventory:

Hand Weapons
 a - a +2 dagger (weapon)
 b - a +0 blowgun
Missiles
 d - 24 poisoned needles
 e - 2 curare-tipped needles
Armour
 c - a +0 cloak (worn)
 m - a +0 pair of gloves (worn)
Jewellery
 h - an amulet of regeneration (around neck)
Scrolls
 i - a scroll of teleportation {unknown}
 j - 4 scrolls of identify {unknown}
 k - 2 scrolls of remove curse {unknown}
 l - 3 scrolls of enchant armour {unknown}
 p - 3 scrolls of immolation {unknown}
Potions
 g - a potion of heal wounds
 n - a potion of haste {unknown}
 o - 2 potions of might {unknown}
 q - a potion of lignification {unknown}
Comestibles
 f - 10 rations
 r - a chunk of flesh


   Skills:
 + Level 3.6 Fighting
 * Level 4.4 Short Blades
 + Level 3.0 Throwing
 + Level 2.4 Dodging
 * Level 5.3 Stealth


You had 6 spell levels left.
You didn't know any spells.
Your spell library contained the following spells:

 Spells                   Type           Power        Failure   Level  Hunger
 Magic Dart               Conj           #...         36%         1    ##.....
 Searing Ray              Conj           #.....       50%         2    ###....
 Dazzling Spray           Conj/Hex       #.....       75%         3    ####...
 Force Lance              Conj/Tloc      #.......     98%         4    #####..
 Fulminant Prism          Conj/Hex       #.........   98%         4    #####..
 Iskenderun's Mystic Bla  Conj           #.......     98%         4    #####..


Dungeon Overview and Level Annotations

Branches:
Dungeon (5/15)             Temple (0/1) D:5

Altars:
Sif Muna
The Shining One

Annotations:
D:4 Menkaure


Innate Abilities, Weirdness & Mutations

You can breathe blasts of noxious fumes.
Your lurid green scales are hard. (AC +6)
You cannot fit into any form of body armour.
Your system is resistant to poisons. (rPois)
You are cold-blooded and may be slowed by cold attacks.


Message History

The adder poisons you!
You take 1 damage, and have 48/58 hp.
You hit the adder.
You kill the adder!
You feel sick.
No target in view!
No target in view!
You feel sick.
You feel sick.
You take 1 damage, and have 48/58 hp.
You feel sick.
There is a faded altar of an unknown god here.
You cannot tell which god this altar belongs to.
Convert to them anyway?
Okay, then.
You cannot tell which god this altar belongs to.
Convert to them anyway?
Sif Muna accepts your prayer! Sif Muna welcomes you!
You can now request divine energy to cast spells with insufficient magic.
You feel sick.
Are you sure you want to abandon this character and quit the game? (Confirm

. #.♣♣P.>.P♣ #....
....######.♣♣P...P♣ ##...
.......†...♣P...P♣ ##..
.#########.....P♣ ##. .
#...⌠.P♣ ## #. #.....P♣♣
# ## #.##.♣P...P♣♣ #..
#...♣♣P...P♣###
..###..♣♣P.@.P♣..# ###
#.#.##♣♣P...P♣#.#
#..###....♣♣♣PPP♣♣#.###
###.#.#...###♣♣♣♣♣♣.....#
....>....## #.# #.#.#.#
###....######.# #.#.#.#
###.........# #.#.#.#
#.#######.#
##.#.#.######### #.
#.####...............


There were no monsters in sight!

Vanquished Creatures
  A phantom (D:5)
  An ice beast (D:5)
  A big kobold (D:5)
  A scorpion (D:5)
  A bullfrog skeleton (D:4)
  2 worker ants
  4 gnolls (D:3)
  A worker ant zombie (D:5)
  5 adders
  An adder skeleton (D:5)
  2 worms
  2 dart slugs (D:1)
  3 leopard geckos
  An orc (D:4)
  5 bats
  2 giant cockroaches
  10 goblins
  A hobgoblin (D:3)
  3 jackals (D:3)
  A quokka (D:5)
  4 frilled lizards
  A giant cockroach zombie (D:5)
  10 kobolds
  8 rats
71 creatures vanquished.

Notes
Turn   | Place    | Note
-------+----------+-------------------------------------------
     0 | D:1      | namelastname112 the Draconian Assassin began the quest for
                  | the Orb.
     0 | D:1      | Reached XP level 1. HP: 17/17 MP: 1/1
   131 | D:1      | Reached skill level 1 in Dodging
   160 | D:1      | Reached XP level 2. HP: 25/25 MP: 2/2
   516 | D:1      | Reached skill level 4 in Stealth
   523 | D:1      | Reached XP level 3. HP: 30/30 MP: 3/3
  1094 | D:3      | Reached XP level 4. HP: 28/37 MP: 4/4
  2002 | D:4      | Noticed Menkaure
  2263 | D:4      | Reached XP level 5. HP: 28/44 MP: 5/5
  2293 | D:5      | Entered Level 5 of the Dungeon
  2318 | D:5      | Noticed an ice beast
  2430 | D:5      | Killed an ice beast
  2430 | D:5      | Reached XP level 6. HP: 42/51 MP: 6/6
  2491 | D:5      | Reached skill level 5 in Stealth
  2522 | D:5      | Found a glowing golden altar of the Shining One.
  2869 | D:5      | Your scales start taking on a lurid green colour.
  2869 | D:5      | Reached XP level 7. HP: 29/58 MP: 7/7
  2869 | D:5      | Gained mutation: Your system is resistant to poisons.
                  | (rPois) [Green Draconian growth]
  2986 | D:5      | Found a staircase to the Ecumenical Temple.
  2988 | D:5      | Found a faded altar of an unknown god.
  3015 | D:5      | Became a worshipper of Sif Muna the Loreminder
  3015 | D:5      | Reached * piety under Sif Muna
  3016 | D:5      | Quit the game

Vault maps used:
D:1:      tarquinn_simple_flora_water_b
D:4:      kennysheep_mini_moat, st_stairs_2, uniq_menkaure
D:5:      nicolae_tso_swordbearing_angel, nicolae_temple_entry_ecumenical,
          first_ration

Skill      XL: |  1  2  3  4  5  6 |
---------------+-------------------+-----
Dodging        | 1 2 |  2.4
Throwing       | 2 3 |  3.0
Stealth        | 4 5 |  5.3
Short Blades   | 3 4 |  4.4
Fighting       | 3 |  3.6

Action                   |  1- 3 |  4- 6 |  7- 9 || total
-------------------------+-------+-------+-------++-------
Melee: Dagger            |    90 |   269 |    12 ||   371
       Tailslap          |    15 |    31 |       ||    46
 Fire: Blowgun           |     7 |       |       ||     7
  Use: Potion            |       |     2 |       ||     2
 Stab: Sleeping          |     8 |     1 |       ||     9
       Distracted        |       |     2 |       ||     2
  Eat: Chunk             |       |     2 |     2 ||     4
       Ration            |       |     1 |       ||     1
Armor: Skin              |    21 |    74 |     2 ||    97
Dodge: Dodged            |    52 |   112 |     7 ||   171

Table legend:
 A = Non-vault XP
 B = Vault XP
 C = Vault XP percentage of total XP
 D = Non-vault monster count
 E = Vault monster count
 F = Vault count percentage of total count
                 A         B        C        D         E       F
            +---------+---------+-------+---------+---------+-------
      Total |     723 |      41 |   5.4 |      70 |       1 |   1.4
            +---------+---------+-------+---------+---------+-------
        D:1 |      41 |       0 |   0.0 |      25 |       0 |   0.0
        D:2 |      16 |       0 |   0.0 |       7 |       0 |   0.0
        D:3 |      93 |       0 |   0.0 |      19 |       0 |   0.0
        D:4 |      40 |      41 |  50.6 |       2 |       1 |  33.3
        D:5 |     533 |       0 |   0.0 |      17 |       0 |   0.0
            +---------+---------+-------+---------+---------+-------
